 Dungeon Crawl Stone Soup version 0.18.1-47-g9310371 (webtiles) character file.

62 Sirdec the Cudgeler (level 4, -1/38 HPs)
             Began as a Ghoul Fighter on June 19, 2016.
             Slain by a gnoll (4 damage)
             ... on level 2 of the Dungeon.
             The game lasted 00:08:54 (941 turns).

Sirdec the Cudgeler (Ghoul Fighter)                  Turns: 941, Time: 00:08:54

Health: -1/38      AC:  6    Str: 25    XL:     4   Next: 8%
Magic:  3/3        EV:  7    Int:  3    God:
Gold:   62         SH: 10    Dex: 10    Spells: 0 memorised, 3 levels left

rFire  . . .     SeeInvis .     m - -3 whip (curse)
rCold  + . .     Gourm    .     b - +0 scale mail
rNeg   + + +     Faith    .     c - +1 shield
rPois  ∞         Spirit   .     (no helmet)
rElec  .         Dismiss  .     (no cloak)
rCorr  .         Reflect  .     (no gloves)
SustAt .         Harm     .     (no boots)
MR     .....                    (no amulet)
Stlth  ..........               o - ring of poison resistance
                                h - +2 ring of dexterity (curse)

@: mighty, very slightly contaminated, rotting, hasted, very quick, not
resistant to hostile enchantments, extremely unstealthy
A: rotting body, claws 1, carnivore 3, cold resistance 1, negative energy
resistance 3, slow regeneration 1, torment resistance, unbreathing
a: no special abilities


You were on level 2 of the Dungeon.
You were not hungry.

You visited 1 branch of the dungeon, and saw 2 of its levels.

You collected 62 gold pieces.

Inventory:

Hand Weapons
 a - a +0 flail
 m - a cursed -3 whip (weapon)
Armour
 b - a +0 scale mail (worn)
 c - a +1 shield (worn)
Jewellery
 h - a cursed +2 ring of dexterity (left claw)
 o - a ring of poison resistance (right claw)
Scrolls
 g - a scroll of identify
Comestibles
 f - 2 meat rations
 i - a chunk of flesh


   Skills:
 - Level 3.2 Fighting
 * Level 3.5 Maces & Flails
 - Level 2.6 Armour
 - Level 1.0 Dodging
 - Level 2.6 Shields


You had 3 spell levels left.
You didn't know any spells.

Dungeon Overview and Level Annotations

Branches:
Dungeon (2/15)

Altars:


Innate Abilities, Weirdness & Mutations

Your body is rotting away.
You thrive on raw meat.
You are immune to poison.
You have sharp fingernails.
You are carnivorous and can eat meat at any time.
Your flesh is cold resistant.
You are immune to negative energy.
You regenerate slowly when monsters are visible.
You are immune to unholy pain and torment.
You can survive without breathing.


Message History

The gnoll hits you but does no damage.
You hit the gnoll.
The gnoll is heavily wounded.
The gnoll hits you with a spear.
* * * LOW HITPOINT WARNING * * *
You barely miss the gnoll.
The gnoll is heavily wounded.
The gnoll hits you with a spear.
* * * LOW HITPOINT WARNING * * *
You hit the gnoll.
The gnoll is heavily wounded.
You closely miss the gnoll.
The gnoll is heavily wounded.
The gnoll hits you with a spear.
* * * LOW HITPOINT WARNING * * *
You thrash the gnoll!!
You kill the gnoll!
You have reached level 4!
You barely miss the gnoll. The gnoll hits you.
You die...

#............+..#.#.####........
#.........)K.#..#.#.#.....#####.
###########.......#.#.##..#####.
###.........#.##........
#..............#..#..##.
###.###.#.........#...#. ###
#gK.............#.
#g####.#.#......#. #@#
#.....####### #†# #.##### #.#
#.# #.# #.# #.####.# #......#
########


You could see 2 gnolls and a kobold.

Vanquished Creatures
  A gnoll (D:2)
  2 adders
  2 dart slugs
  A giant gecko (D:1)
  3 bats
  A giant cockroach (D:2)
  4 goblins
  A hobgoblin (D:1)
  3 jackals (D:1)
  2 ball pythons (D:1)
  2 giant newts (D:1)
  5 kobolds
  3 rats (D:1)
30 creatures vanquished.

Notes
Turn   | Place    | Note
--------------------------------------------------------------
     0 | D:1      | Sirdec the Ghoul Fighter began the quest for the Orb.
     0 | D:1      | Reached XP level 1. HP: 19/19 MP: 0/0
    55 | D:1      | Reached XP level 2. HP: 17/23 MP: 1/1
   458 | D:1      | Reached XP level 3. HP: 31/31 MP: 2/2
   668 | D:1      | Reached skill level 1 in Dodging
   940 | D:2      | Reached XP level 4. HP: 3/38 MP: 3/3
   941 | D:2      | Slain by a gnoll

Skill      XL: |  1  2  3 |
---------------+----------+-----
Maces & Flails | 2 3 |  3.5
Dodging        | 1 |  1.0
Fighting       | |  3.2
Armour         | |  2.6
Shields        | |  2.6

Action                   |  1- 3 |  4- 6 || total
-------------------------+-------+-------++-------
Melee: Flail             |    54 |       ||    54
       Whip              |   108 |     1 ||   109
  Use: Scroll            |     6 |       ||     6
       Potion            |     2 |       ||     2
  Eat: Chunk             |    13 |       ||    13
Armor: Scale mail        |    81 |       ||    81
Dodge: Dodged            |    53 |       ||    53
Block: Shield            |   105 |       ||   105
